 Dungeon Crawl Stone Soup version 0.22-a0-570-g58866f5d57 (webtiles) character file.

257 MirrMurr the Poker (level 5, 0/61 HPs)
             Began as a Demonspawn Gladiator on June 30, 2018.
             Succumbed to a scorpion's poison
             ... on level 4 of the Dungeon.
             The game lasted 00:04:43 (3074 turns).

MirrMurr the Poker (Demonspawn Gladiator)           Turns: 3074, Time: 00:04:44

Health: 0/61       AC: 22    Str: 16    XL:     5   Next: 93%
Magic:  5/5        EV:  2    Int:  9    God:
Gold:   123        SH:  0    Dex: 14    Spells: 4/4 levels left

rFire    . . .     SeeInvis .   a - +0 trident
rCold    . . .     Gourm    .   (no shield)
rNeg     + + +     Faith    .   (armour currently unavailable)
rPois    +         Spirit   .   (helmet currently unavailable)
rElec    .         Reflect  .   (cloak currently unavailable)
rCorr    .         Harm     .   (gloves currently unavailable)
MR       .....     NoTele   +   (boots currently unavailable)
Stlth    ++........             (no amulet)
HPRegen  0.20/turn              (no ring)
MPRegen  0.09/turn              (no ring)

@: lethally poisoned (0 -> -16), tree-form
A: nightstalker 1
a: no special abilities


You were on level 4 of the Dungeon.
You were hungry.
You were a tree.
You visited 1 branch of the dungeon, and saw 4 of its levels.

You collected 123 gold pieces.

Inventory:

Hand Weapons
 a - a +0 trident (weapon)
Missiles
 d - 3 throwing nets (quivered)
 m - 108 stones
Armour
 c - a +0 helmet (melded)
 e - a +0 pair of gloves (melded)
 q - a +1 plate armour (melded)
Jewellery
 o - a +4 amulet of reflection {unknown}
Wands
 g - a wand of digging (16)
Scrolls
 l - a scroll of fog
 n - 2 scrolls of teleportation
Potions
 b - a potion of berserk rage
 h - a potion of haste
Comestibles
 f - 8 rations
 i - a chunk of flesh


   Skills:
 + Level 3.3 Fighting
 * Level 4.3 Polearms
 - Level 1.7 Throwing
 + Level 2.1 Armour
 + Level 3.6 Dodging


You had 4 spell levels left.
You didn't know any spells.
Your spell library was empty.

Dungeon Overview and Level Annotations

Branches:
Dungeon (4/15)
 Temple: D:4-7

Altars:


Innate Abilities, Weirdness & Mutations

((Your flesh is heat resistant. (rF+)))
You are slightly more attuned to the shadows.


Message History

You turn into a tree.
Your +0 helmet melds into your body.
Your +0 pair of gloves melds into your body.
Your +1 plate armour melds into your body.
Your roots penetrate the ground.
* * * LOW HITPOINT WARNING * * *
You feel sick.
The scorpion stings you but does no damage.
You hit the scorpion but do no damage.
The scorpion is heavily wounded.
* * * LOW HITPOINT WARNING * * *
You feel sick.
The scorpion stings you but does no damage.
You puncture the scorpion!
You kill the scorpion!
Your Armour skill increases to level 2!
* * * LOW HITPOINT WARNING * * *
You feel sick.
You puncture the worker ant!
The worker ant is heavily wounded.
You die...

#......).. +...>...#
#.......#
#.....((########
...#....(.......
#######.#.#.#o#######
#....#§.....#.#
#..(§§..###.#a#
#...§§.#§§..#♣#
......§§§#......#
#.##.#§#§..###### #
.....#§#§#
####..#.#.# ...#.#.#
#####.#.# ....# #+ ..


You could see a worker ant and an orc.

Vanquished Creatures
  A scorpion (D:4)
  A bullfrog skeleton (D:4)
  Natasha (thrice) (D:2)
  An orc wizard (D:3)
  A howler monkey skeleton (D:4)
  A worm (D:2)
  5 dart slugs (D:2)
  2 leopard geckos
  3 orcs (D:3)
  5 bats
  A giant cockroach (D:1)
  2 goblins
  2 hobgoblins
  3 jackals (D:3)
  9 kobolds
  4 frilled lizards
  7 rats
51 creatures vanquished.

Vanquished Creatures (others)
  An orc wizard (D:3)
1 creature vanquished.

Grand Total: 52 creatures vanquished

Notes
Turn   | Place    | Note
-------+----------+-------------------------------------------
     0 | D:1      | MirrMurr the Demonspawn Gladiator began the quest for the Orb.
     0 | D:1      | Reached XP level 1. HP: 16/16 MP: 1/1
   266 | D:1      | Gained mutation: You are slightly more attuned to the shadows. [demonic ancestry]
   266 | D:1      | Reached XP level 2. HP: 22/22 MP: 2/2
   346 | D:1      | Reached skill level 3 in Polearms
   847 | D:2      | Noticed Natasha
   850 | D:2      | Noticed a crimson imp
   851 | D:2      | Killed Natasha
   851 | D:2      | Reached skill level 1 in Armour
   851 | D:2      | Reached XP level 3. HP: 28/28 MP: 3/3
  1189 | D:2      | Noticed Natasha
  1198 | D:2      | Killed Natasha
  1198 | D:2      | Gained mutation: Your flesh is heat resistant. (rF+) [demonic ancestry]
  1198 | D:2      | Reached XP level 4. HP: 18/34 MP: 4/4
  1962 | D:2      | Noticed Natasha
  1969 | D:2      | Killed Natasha
  2206 | D:3      | Reached XP level 5. HP: 31/40 MP: 5/5
  2213 | D:3      | Reached skill level 4 in Polearms
  3072 | D:4      | HP: 2/61 [poisoned by a scorpion]
  3074 | D:4      | Succumbed to a scorpion's poison

Vault maps used:
D:1:      lightli_arrival_isolated_outpost, serial_glass, glass_columns_b,
          glass_columns_c, minmay_door_square
D:2:      solitary_fountain, uniq_natasha
D:4:      minmay_temple_entry_trees

Skill      XL: |  1  2  3  4  5 |
---------------+----------------+-----
Polearms       | 3 4 |  4.3
Armour         | 1 2 |  2.1
Dodging        | 3 |  3.6
Fighting       | 3 |  3.3
Throwing       | |  1.7

Action                   |  1- 3 |  4- 6 || total
-------------------------+-------+-------++-------
Melee: Trident           |    94 |   114 ||   208
  Use: Scroll            |     4 |     4 ||     8
       Potion            |       |     1 ||     1
  Eat: Chunk             |     1 |     2 ||     3
       Ration            |       |     1 ||     1
Armor: Chain mail        |    31 |       ||    31
       Leather armour    |     2 |       ||     2
       Plate armour      |    11 |    69 ||    80
       Skin              |       |     2 ||     2
Dodge: Dodged            |    27 |    25 ||    52

Table legend:
 A = Spawn XP
 B = Non-spawn XP
 C = Spawn XP percentage of total XP
 D = Spawn monster count
 E = Non-spawn monster count
 F = Spawn count percentage of total count
 G = Total turns spent on level
                    A         B        C        D         E        F      G
               +---------+---------+-------+---------+---------+-------+---------
         Total |       0 |     368 |   0.0 |       0 |      52 |   0.0 |  3074
               +---------+---------+-------+---------+---------+-------+---------
           D:1 |       0 |      22 |   0.0 |       0 |      15 |   0.0 |   702
           D:2 |       0 |     141 |   0.0 |       0 |      17 |   0.0 |  1386
           D:3 |       0 |      80 |   0.0 |       0 |      16 |   0.0 |   930
           D:4 |       0 |     125 |   0.0 |       0 |       4 |   0.0 |    56
               +---------+---------+-------+---------+---------+-------+---------
